 Dungeon Crawl Stone Soup version 0.21.0-22-g11d5b52 (webtiles) character file.

103 troglodite the Skirmisher (level 4, -2/57 HPs)
             Began as a Demonspawn Berserker on Jan 18, 2018.
             Was a Believer of Trog.
             Slain by a gnoll
             ... wielding a +0 spear
              (8 damage)
             ... on level 3 of the Dungeon.
             The game lasted 00:05:53 (2191 turns).

troglodite the Skirmisher (Demonspawn Berserker)    Turns: 2191, Time: 00:05:55

Health: -2/57      AC:  9    Str: 23    XL:     4   Next: 51%
Magic:  4/4        EV:  9    Int:  8    God:    Trog [**....]
Gold:   133        SH:  0    Dex: 13    Spells: 3/3 levels left

rFire    . . .     SeeInvis .   a - +0 falchion
rCold    . . .     Gourm    +   (no shield)
rNeg     . . .     Faith    .   j - +0 chain mail
rPois    .         Spirit   .   (helmet restricted)
rElec    .         Reflect  .   (no cloak)
rCorr    .         Harm     .   (no gloves)
MR       .....                  (no boots)
Stlth    ..........             l - amulet of the gourmand
HPRegen  0.19/turn              (no ring)
MPRegen  0.09/turn              (no ring)

@: berserking, very quick
A: horns 1, rugged brown scales 1, nightstalker 1
a: Berserk, Trog's Hand, Burn Spellbooks, Renounce Religion


You were on level 3 of the Dungeon.
You worshipped Trog.
Trog was pleased with you.
You were full.

You visited 1 branch of the dungeon, and saw 3 of its levels.

You collected 133 gold pieces.

Inventory:

Hand Weapons
 a - a +0 falchion (weapon)
Armour
 b - a +0 animal skin
 j - a +0 chain mail (worn)
Jewellery
 l - an amulet of the gourmand (around neck)
Scrolls
 e - a scroll of teleportation
 i - 3 scrolls of identify {unknown}
 k - 2 scrolls of amnesia {unknown}
Potions
 d - a potion of cancellation {unknown}
 f - a potion of curing {unknown}
 g - a potion of mutation {unknown}
Comestibles
 c - 2 rations


   Skills:
 * Level 3.7 Fighting
   Level 0.3(2.1) Short Blades
 + Level 3.3 Long Blades
 * Level 2.6 Armour
 * Level 2.2 Dodging
 * Level 0.9 Stealth


You had 3 spell levels left.
You didn't know any spells.

Dungeon Overview and Level Annotations

Branches:
Dungeon (3/15)

Altars:

Annotations:
D:3 komo4ek's ghost, amateur HuSu


Innate Abilities, Weirdness & Mutations

You have a pair of small horns on your head.
You are partially covered in rugged brown scales. (AC +1, +3% HP)
You are slightly more attuned to the shadows.


Message History

* * * LOW HITPOINT WARNING * * *
The gnoll hits you from afar with a spear.
* * * LOW HITPOINT WARNING * * *
The hobgoblin closely misses you.
Komo4ek's ghost casts a spell.
You hit the hobgoblin.
You kill the hobgoblin!
Trog accepts your kill. The adder bites you but does no damage.
The gnoll hits you from afar with a spear.
* * * LOW HITPOINT WARNING * * *
The gnoll hits you but does no damage.
You slash the adder!
The adder is heavily wounded.
The adder bites you but does no damage.
The gnoll hits you from afar with a spear.
* * * LOW HITPOINT WARNING * * *
Komo4ek's ghost casts a spell.
The gnoll hits you from afar with a spear!
You die...

.. # #.### .#
#....#####.##
#..........#
#....)Sg.r..
#...%@†g....
####.<.gW.b.
#####.r.. #r.
.


You could see komo4ek's ghost, 3 gnolls, an adder, a river rat, 2 quokkas and a
bat.

Vanquished Creatures
  Jessica (D:2)
  A gnoll (D:3)
  An adder (D:2)
  An ooze (D:2)
  A worm (D:2)
  A dart slug (D:2)
  4 leopard geckos
  2 giant cockroaches
  2 goblins (D:1)
  9 hobgoblins
  3 jackals (D:1)
  4 kobolds
  4 bats
  5 frilled lizards
  7 rats
46 creatures vanquished.

Notes
Turn   | Place    | Note
-------+----------+-------------------------------------------
     0 | D:1      | troglodite the Demonspawn Berserker began the quest for the Orb.
     0 | D:1      | Reached XP level 1. HP: 18/18 MP: 1/1
   212 | D:1      | Gained mutation: You are slightly more attuned to the shadows. [demonic ancestry]
   212 | D:1      | Reached XP level 2. HP: 11/24 MP: 2/2
   859 | D:1      | Reached ** piety under Trog
  1182 | D:2      | Gained mutation: You have a pair of small horns on your head. [demonic ancestry]
  1182 | D:2      | Reached XP level 3. HP: 19/29 MP: 3/3
  1527 | D:2      | Noticed Jessica
  1550 | D:2      | Killed Jessica
  1587 | D:2      | Gained mutation: You are partially covered in rugged brown scales. (AC +1, +3% HP) [demonic ancestry]
  1587 | D:2      | Reached XP level 4. HP: 29/38 MP: 4/4
  2186 | D:3      | Noticed komo4ek's ghost (amateur HuSu)
  2191 | D:3      | Slain by a gnoll

Skill      XL: |  1  2  3 |
---------------+----------+-----
Long Blades    | 3 |  3.3
Armour         | 2 |  2.6
Dodging        | 2 |  2.2
Fighting       | |  3.7
Short Blades   | |  0.3
Stealth        | |  0.9

Action                   |  1- 3 |  4- 6 || total
-------------------------+-------+-------++-------
Melee: Dagger            |   125 |       ||   125
       Falchion          |    41 |    50 ||    91
       Headbutt          |     6 |    12 ||    18
Invok: Berserk           |     2 |     1 ||     3
  Use: Scroll            |     2 |       ||     2
  Eat: Chunk             |     9 |     5 ||    14
Armor: Chain mail        |   101 |    47 ||   148
Dodge: Dodged            |    72 |    33 ||   105
       Rpst.: Falchion   |    10 |     6 ||    16
